 Dungeon Crawl Stone Soup version 0.27-a0-597-g524d869a0f (webtiles) character file.

Game seed: 11686976956417305391

198 jasper the Sneak (level 5, -1/24 HPs)
             Began as a Spriggan Enchanter on Mar 11, 2021.
             Was an Initiate of Dithmenos.
             Slain by an ice beast (11 damage)
             ... on level 5 of the Dungeon.
             The game lasted 00:03:31 (3160 turns).

jasper the Sneak (Spriggan Enchanter)               Turns: 3160, Time: 00:03:31

Health: -1/24      AC:  2    Str:  4    XL:     5   Next: 47%
Magic:  8/10       EV: 18    Int: 18    God:    Dithmenos [......]
Gold:   150        SH:  0    Dex: 15    Spells: 1/10 levels left

rFire    . . .     SeeInvis +   e - +3 dagger (holy)
rCold    . . .     Faith    .   (shield restricted)
rNeg     + . .     Spirit   .   f - +0 robe {rN+}
rPois    .         Reflect  .   (helmet restricted)
rElec    .         Harm     .   (no cloak)
rCorr    .         Rampage  .   (gloves unavailable)
Will     .....                  (boots unavailable)
Stlth    +++.......             (no amulet)
HPRegen  0.08/turn              (no ring)
MPRegen  0.12/turn              (no ring)

@: very quick
A: very small, unfitting armour, see invisible, speed 3
a: Renounce Religion


You were on level 5 of the Dungeon.
You worshipped Dithmenos.
Dithmenos was noncommittal.
You visited 2 branches of the dungeon, and saw 6 of its levels.

You collected 150 gold pieces.

Inventory:

Hand Weapons
 a - a +1 dagger
 e - a +3 dagger of holy wrath (weapon)
Missiles
 g - 6 poisoned darts
 o - 7 curare-tipped darts
Armour
 b - a +0 robe
 f - a +0 robe of positive energy (worn)
Jewellery
 c - a ring of flight
 k - a +4 ring of evasion
Scrolls
 d - 4 scrolls of identify {unknown}
 j - a scroll of random uselessness {unknown}
 l - a scroll of teleportation {unknown}
 p - 2 scrolls of amnesia {unknown}
Potions
 h - 3 potions of curing {unknown}
 i - a potion of heal wounds {unknown}
 m - a potion of lignification {unknown}
 n - a potion of mutation {unknown}
 q - a potion of brilliance {unknown}
 r - a potion of flight {unknown}


   Skills:
 - Level 1.1 Short Blades
 + Level 4.0 Dodging
 * Level 6.9 Stealth
 - Level 3.0 Spellcasting
 * Level 5.4 Hexes


You had one spell level left.
You knew the following spells:

 Your Spells              Type           Power      Damage    Failure   Level
a - Corona                Hex            24%        N/A       1%          1
b - Ensorcelled Hibernat  Hex/Ice        24%        N/A       9%          2
c - Confusing Touch       Hex            22%        N/A       5%          3
d - Tukima's Dance        Hex            22%        N/A       5%          3

Your spell library contained the following spells:

 Spells                   Type           Power      Damage    Failure   Level
 Dazzling Flash           Conj/Hex       24%        N/A       16%         3


Dungeon Overview and Level Annotations

Branches:
Dungeon (5/15)             Temple (1/1) D:4

Altars:
Ashenzari
Dithmenos
Elyvilon
Fedhas
Trog


Innate Abilities, Weirdness & Mutations

You are very small and have problems with some larger weapons.
You are too small for most types of armour.
You have supernaturally acute eyesight. (SInv)
You cover ground extremely quickly. (Speed+++)


Message History

Done exploring.
There is a stone staircase leading down here.
You climb downwards.
An ice beast comes into view.
Found 14 gold pieces.
There is a stone staircase leading up here.
You start waiting.
Done waiting.
Found a scroll labelled LUMOYSUERO and a mace.
The helpless ice beast fails to defend itself.
You impale the ice beast!!
The ice beast is almost dead.
The ice beast completely misses you.
Casting: Ensorcelled Hibernation (safe; 9% risk of failure)
Confirm with . or Enter, or press ? or * to list all spells.
The spell is quite dangerous to cast (5% risk of failure)!
Continue anyway? [Y]es or [N]o only, please.
The spell is quite dangerous to cast (5% risk of failure)!
Continue anyway?
Your hands begin to glow red.
The ice beast hits you. The ice beast freezes you!
You take 11 damage, and have 13/24 hp.
MASSIVE DAMAGE!!
You now have 7/10 mp.
You closely miss the ice beast.
The ice beast is almost dead.
The ice beast barely misses you.
You hit the ice beast but do no damage.
The ice beast appears confused.
The ice beast is almost dead.
You barely miss the ice beast.
The ice beast is almost dead.
You hit the ice beast but do no damage.
The ice beast is almost dead.
You hit the ice beast but do no damage.
The ice beast is almost dead.
The ice beast misses you.
You hit the ice beast.
The ice beast is almost dead.
The ice beast misses you.
You barely miss the ice beast.
The ice beast is almost dead.
The ice beast hits you. The ice beast freezes you!
You die...

##...
###.......
..)......
#......
###.....
......
####..####
####....Y@..#
?...........#
###.##.##..#
#.##.$#
#.##..######
#...........
####..#####
#<.# #..#


You could see an ice beast (confused).

Vanquished Creatures
  An ogre (D:4)
  Jessica (D:3)
  A worker ant (D:4)
  3 adders
  A worm (D:3)
  An orc (D:3)
  A ball python (D:3)
  4 giant cockroaches
  3 goblins
  7 jackals
  A kobold (D:1)
  3 frilled lizards
  A jackal skeleton (D:4)
  3 rats
31 creatures vanquished.

Notes
Turn   | Place    | Note
-------+----------+-------------------------------------------
     0 | D:1      | jasper the Spriggan Enchanter began the quest for the Orb.
     0 | D:1      | Reached XP level 1. HP: 9/9 MP: 5/5
   382 | D:3      | Noticed Jessica
   385 | D:3      | Killed Jessica
   386 | D:3      | Reached skill level 5 in Stealth
   386 | D:3      | Reached XP level 2. HP: 13/13 MP: 7/7
   386 | D:3      | Reached XP level 3. HP: 16/16 MP: 8/8
   389 | D:3      | Learned a level 2 spell: Ensorcelled Hibernation
   393 | D:3      | Learned a level 3 spell: Confusing Touch
  1756 | D:4      | Reached XP level 4. HP: 19/21 MP: 0/9
  1760 | D:4      | Learned a level 3 spell: Tukima's Dance
  1893 | D:4      | Reached skill level 6 in Stealth
  1985 | D:4      | Found a staircase to the Ecumenical Temple.
  2008 | Temple   | Entered the Ecumenical Temple
  2044 | Temple   | Became a worshipper of Dithmenos the Shadowed
  2309 | D:4      | Noticed an ogre
  2320 | D:4      | Killed an ogre
  2321 | D:4      | Reached skill level 5 in Hexes
  2321 | D:4      | Reached XP level 5. HP: 24/24 MP: 5/10
  3041 | D:5      | Entered Level 5 of the Dungeon
  3041 | D:5      | Noticed an ice beast
  3160 | D:5      | Slain by an ice beast

Illustrated notes

Levels and vault maps discovered:
D:1:      dpeg_arrival_rhombus, layout_basic, serial_bayou_crossing
D:2:      layout_basic, cheibriados_altar_1, chequers_ecumenical_altar_simple,
          uniq_natasha
D:3:      layout_loops_ring, uniq_jessica
D:4:      layout_layer_cave, minmay_temple_entry_ruins
D:5:      layout_loops_ring, hangedman_minor_gate_pass
Temple:   eino_temple_scatter_basement

Skill      XL: |  1  2  3  4 |
---------------+-------------+-----
Dodging        | 3 4 |  4.0
Stealth        | 5 6 |  6.9
Spellcasting   | 3 |  3.0
Hexes          | 4 5 |  5.4
Short Blades   | |  1.1

Action                   |  1- 3 |  4- 6 || total
-------------------------+-------+-------++-------
Melee: Dagger            |    51 |    22 ||    73
 Cast: Corona            |     5 |       ||     5
       Ensorcelled Hiber |    17 |    10 ||    27
       Confusing Touch   |       |     1 ||     1
 Stab: Sleeping          |    19 |     5 ||    24
Armor: Robe              |     3 |     3 ||     6
Dodge: Dodged            |    35 |    18 ||    53

Table legend: (Time is in decaauts)
 A = Elapsed time spent in this place.
 B = Non-inter-level travel time spent in this place.
 C = Inter-level travel time spent in this place.
 D = Time resting spent in this place.
 E = Time spent auto-exploring this place.
 F = Levels seen in this place.
 G = Mean time per level.
                   A        B        C        D        E       F      G
               +--------+--------+--------+--------+--------+-----+--------+
         Total |   2458 |   2441 |     17 |    834 |   1280 |   6 |  409.7 |
       Dungeon |   2429 |   2417 |     12 |    834 |   1265 |   5 |  485.8 |
        Temple |     29 |     24 |      5 |      0 |     15 |   1 |   29.0 |
               +--------+--------+--------+--------+--------+-----+--------+

Top non-repeatable levels by time:
     D:4: 1093 daAuts
     D:3: 892 daAuts
     D:2: 244 daAuts
     D:5: 114 daAuts
     D:1: 86 daAuts
  Temple: 29 daAuts
